 Dungeon Crawl Stone Soup version 0.24.0-124-g2791043dd8 (webtiles) character file.

Game seed: 2268150470212565810, levelgen mode: deterministic

21 Amplified the Magician (level 2, -5/20 HPs)
             Began as a Mummy Venom Mage on Feb 15, 2020.
             Slain by a gnoll
             ... wielding a +0 flail
              (13 damage)
             ... on level 1 of the Dungeon.
             The game lasted 00:02:42 (1386 turns).

Amplified the Magician (Mummy Venom Mage)           Turns: 1386, Time: 00:02:42

Health: -5/20      AC:  2    Str: 11    XL:     2   Next: 62%
Magic:  5/6        EV: 11    Int: 14    God:
Gold:   72         SH:  5    Dex: 12    Spells: 4/7 levels left

rFire    x . .     SeeInvis .   e - +0 spear
rCold    + . .     Gourm    .   f - +2 buckler
rNeg     + + +     Faith    .   a - +0 robe
rPois    ∞         Spirit   .   (no helmet)
rElec    .         Reflect  .   (no cloak)
rCorr    .         Harm     .   (no gloves)
MR       .....                  (no boots)
Stlth    ++........             (no amulet)
HPRegen  0.06/turn              (no ring)
MPRegen  0.10/turn              (no ring)

@: very slightly contaminated
A: no food or potions, fire vulnerability, cold resistance 1, negative energy
resistance 3, torment resistance, unbreathing
a: no special abilities


You were on level 1 of the Dungeon.
You were not hungry.

You visited 1 branch of the dungeon, and saw 2 of its levels.

You collected 72 gold pieces.

Inventory:

Hand Weapons
 d - a +0 flail
 e - a +0 spear (weapon)
Missiles
 c - 11 poisoned darts (quivered)
Armour
 a - a +0 robe (worn)
 f - a +2 buckler (worn)
Scrolls
 b - a scroll of identify {unknown}


   Skills:
 + Level 0.5 Fighting
 - Level 1.5 Dodging
 - Level 1.5 Stealth
 * Level 3.2 Spellcasting
 * Level 1.2 Conjurations
 * Level 2.6 Poison Magic


You had 4 spell levels left.
You knew the following spells:

 Your Spells              Type           Power        Failure   Level  Hunger
a - Sting                 Conj/Pois      #...         16%         1    N/A
b - Poisonous Vapours     Pois/Air       #.....       30%         2    N/A

Your spell library contained the following spells:

 Spells                   Type           Power        Failure   Level  Hunger
 Mephitic Cloud           Conj/Pois/Air  #.......     52%         3    N/A
 Olgreb's Toxic Radiance  Pois           #.......     75%         4    N/A
 Venom Bolt               Conj/Pois      #.........   99%         5    N/A

Dungeon Overview and Level Annotations

Branches:
Dungeon (2/15)

Altars:
Nemelex Xobeh


Innate Abilities, Weirdness & Mutations

You do not eat or drink.
Your flesh is vulnerable to fire.
You are immune to poison.
Your flesh is cold resistant. (rC+)
You are immune to negative energy. (rN+++)
You are immune to unholy pain and torment.
You can survive without breathing.


Message History

Unknown command.
Unknown command.
Unknown command.
Unknown command.
Unknown command.
Unknown command.
Unknown command.
Unknown command.
Unknown command.
Unknown command.
Unknown command.
There is a stone staircase leading down here.
There is an open door here.
The gnoll hits you with a +0 flail!
There is an open door here.
You hit the ooze.
The ooze is moderately wounded.
The gnoll hits you with a +0 flail!
Ouch! That really hurt!
You die...

# ###.####.######.# # #........#
###..########## # #.#.####.#
#.............#####
###.#.####.###.....###.........#
.......##.........## #.###.###.#
.......###........# #(# #.# #.#
.......# #######.## #.# #.# #.#
.......# #J# #.# #.# #.#
.......### ##@## #.# #.# #.#
.........# ##g..## #.###.###.#
.......#.# ##.....###.........#
#.#.##.#(# ##.......######.#####
#....>...###.........####...##
...........'.........+.......#
.........###.........####...##
..###..#.# ##.......## ##†##
..###.##.# ##.....## #.###


You could see a gnoll and an ooze.

Vanquished Creatures
  A worm (D:2)
  2 bats (D:1)
  A giant cockroach (D:1)
  4 goblins (D:1)
  A hobgoblin (D:1)
  2 kobolds
  2 frilled lizards (D:1)
  3 rats
16 creatures vanquished.

Notes
Turn   | Place    | Note
-------+----------+-------------------------------------------
     0 | D:1      | Amplified the Mummy Venom Mage began the quest for the Orb.
     0 | D:1      | Reached XP level 1. HP: 13/13 MP: 4/4
   432 | D:1      | Reached skill level 1 in Conjurations
   558 | D:1      | Reached skill level 3 in Spellcasting
   564 | D:1      | Reached XP level 2. HP: 20/20 MP: 3/6
   569 | D:1      | Learned a level 2 spell: Poisonous Vapours
  1221 | D:2      | Found a sparkling altar of Nemelex Xobeh.
  1386 | D:1      | Slain by a gnoll

Levels and vault maps discovered:
D:1:      minmay_arrival_glassed_features, layout_loops_corners
D:2:      layout_loops_ring, overflow_temple_1_default, first_ration,
          uniq_natasha

Skill      XL: |  1 |
---------------+----+-----
Conjurations   | 1 |  1.2
Spellcasting   | 3 |  3.2
Fighting       | |  0.5
Dodging        | |  1.5
Stealth        | |  1.5
Poison Magic   | |  2.6

Action                   || total
-------------------------++-------
Melee: Spear             ||    34
       Unarmed           ||     6
 Cast: Sting             ||    15
       Poisonous Vapours ||     3
  Use: Scroll            ||     3
 Stab: Sleeping          ||     1
Armor: Robe              ||     7
Dodge: Dodged            ||    26
Block: Buckler           ||     4
